[Event "Team 45 45 League T58"]
[Site "Internet Chess Club"]
[Date "2013.09.14"]
[Round "4"]
[White "elessar"]
[Black "Goodfella"]
[Result "1-0"]
[WhiteElo "1631"]
[BlackElo "1549"]
[Opening "Sicilian: Najdorf, 7...Be7"]
[ECO "B98"]
[Time "10:00:36"]
[TimeControl "2700+45"]

1. e4 c5 2. Nf3 d6 3. d4 cxd4 4. Nxd4 Nf6 5. Nc3 a6 6. Bg5 e6 7. f4 Be7 8. Qf3
Nbd7 9. O-O-O O-O 10. Bd3 Rb8 11. Qh3 e5 12. Nf5 g6 13. Nxe7+ Qxe7 14. Nd5 Qd8
15. Qh4 Kg7 16. fxe5 dxe5 17. Rhf1 {Black resigns} 1-0

[Event "Team 45 45 League T58"]
[Site "Internet Chess Club"]
[Date "2013.09.13"]
[Round "4"]
[White "Megasus"]
[Black "Hal2001"]
[Result "1-0"]
[WhiteElo "1630"]
[BlackElo "1565"]
[Opening "Réti opening"]
[ECO "A04"]
[Time "06:02:14"]
[TimeControl "2700+45"]

1. Nf3 g6 2. d4 Bg7 3. c4 c5 4. e3 d6 5. h3 cxd4 6. exd4 Nd7 7. Nc3 Ngf6 8. Be2
O-O 9. O-O b6 10. Qc2 Bb7 11. d5 Rc8 12. Rd1 Ba6 13. Nd2 Ne5 14. Qa4 Bb7 15.
Qxa7 Ba8 16. a4 Ned7 17. Qa6 Rc5 18. b4 Rc7 19. Ra2 Bb7 20. Qb5 e6 21. Nde4 exd5
22. Nxd6 Bc6 23. Qa6 Qe7 24. cxd5 Qxd6 25. dxc6 Qxc6 26. Bb2 Ra8 27. Qb5 Qe6 28.
Bf3 Rac8 29. Nd5 Rc2 30. Nxf6+ Nxf6 31. Qd3 Kf8 32. Bxf6 Rxa2 33. Bxg7+ Kxg7 34.
Bd5 Qd6 35. Bxa2 {Black resigns} 1-0

[Event "Team 45 45 League T58"]
[Site "Internet Chess Club"]
[Date "2013.09.13"]
[Round "4"]
[White "alaskauk"]
[Black "pcvan"]
[Result "1-0"]
[WhiteElo "1464"]
[BlackElo "1508"]
[Opening "French: Winawer, advance, Russian variation"]
[ECO "C17"]
[Time "10:01:14"]
[TimeControl "2700+45"]

1. e4 e6 2. d4 d5 3. Nc3 Bb4 4. e5 c5 5. Qg4 Ne7 6. dxc5 Bxc3+ 7. bxc3 Nf5 8.
Bd3 h5 9. Qh3 Nc6 10. g4 Nh4 11. g5 Nxe5 12. Qxh4 Nxd3+ 13. cxd3 Qa5 14. Qb4
{Black resigns} 1-0

[Event "Team 45 45 League T58"]
[Site "Internet Chess Club"]
[Date "2013.09.11"]
[Round "4"]
[White "JDD01"]
[Black "sesquipedal"]
[Result "0-1"]
[WhiteElo "1751"]
[BlackElo "1777"]
[Opening "French: Fort Knox variation"]
[ECO "C10"]
[Time "20:00:42"]
[TimeControl "2700+45"]

1. e4 e6 2. d4 d5 3. Nc3 dxe4 4. Nxe4 Bd7 5. Nf3 Bc6 6. Bd3 Nf6 7. Bg5 Be7 8.
Nxf6+ Bxf6 9. Bxf6 Qxf6 10. Be2 O-O 11. O-O Rd8 12. Ne5 Bd5 13. c3 c5 14. Ng4
Qh4 15. Ne3 cxd4 16. Nxd5 exd5 17. cxd4 Nc6 18. Re1 Nxd4 19. g3 Qe4 20. Bh5 Qf5
21. Qxd4 Qxh5 22. Re5 Qf3 23. Rd1 Rac8 24. Rxd5 Qxd5 25. Qxd5 Rxd5 26. Rxd5 Kf8
27. Rd2 b5 28. Kf1 h6 29. Ke2 Rc6 30. Kd3 Ke7 31. Ke4 Rc4+ 32. Kd5 g5 33. b3 Rc7
34. Re2+ Kf6 35. Kd6 Rc1 36. Kd5 b4 37. f4 gxf4 38. gxf4 Rf1 39. Ke4 a5 40. Rc2
Re1+ 41. Kf3 Ra1 42. Rc6+ Kg7 43. Rc2 Kg6 44. Rc6+ f6 45. Rc2 Rf1+ 46. Ke4 f5+
47. Ke5 Re1+ 48. Kd5 Re8 49. Rc6+ Kh5 50. Rf6 Re2 51. Rxf5+ Kg4 52. Rf6 Rxh2 53.
Kc5 Rh5+ 54. Kb6 Kf3 55. f5 Ke4 56. Kxa5 Rxf5+ 57. Rxf5 Kxf5 58. Kxb4 h5 59. a4
h4 60. a5 h3 {White resigns} 0-1

[Event "Team 45 45 League T58"]
[Site "Internet Chess Club"]
[Date "2013.09.14"]
[Round "4"]
[White "amicusUK"]
[Black "clarinetref"]
[Result "1-0"]
[WhiteElo "1706"]
[BlackElo "1626"]
[Opening "QGA: classical variation, 6.O-O"]
[ECO "D26"]
[Time "15:07:18"]
[TimeControl "2700+45"]

1. d4 d5 2. Nf3 Nf6 3. c4 dxc4 4. e3 e6 5. Bxc4 c5 6. O-O Nbd7 7. dxc5 Bxc5 8.
Nbd2 O-O 9. Nb3 Be7 10. Bd2 a6 11. Na5 Ne4 12. Nb3 Nxd2 13. Qxd2 b5 14. Be2 Qb6
15. Qd4 Nc5 16. Rac1 Na4 17. Qxb6 Nxb6 18. Nc5 Bf6 19. Rc2 Nd5 20. a3 e5 21. Ne4
Bf5 22. Nxf6+ Nxf6 23. Rc5 Nd7 24. Rc7 Rfc8 25. Rfc1 Rxc7 26. Rxc7 f6 27. Rc6
Be4 28. Rc7 Nb6 29. Nd2 Bg6 30. Kf1 Rd8 31. Nb3 Na4 32. Nc5 Nxb2 33. Nxa6 Bd3
34. Rc5 Ra8 35. Bxd3 Nxd3 36. Rc6 e4 37. Ke2 Ne5 38. Rb6 Nc4 39. Rb8+ Rxb8 40.
Nxb8 Nxa3 41. Kd2 b4 42. Nc6 Nc4+ 43. Kc2 Ne5 44. Nxe5 fxe5 45. Kb3 Kf7 46. Kxb4
Ke6 47. Kc5 g5 48. g4 h6 49. h3 Kf6 50. Kd6 Kg6 51. Kxe5 h5 52. gxh5+ Kxh5 53.
Kxe4 Kh4 54. Kf3 Kxh3 55. e4 g4+ 56. Ke2 g3 57. fxg3 Kxg3 58. e5 Kg4 59. e6
{Black resigns} 1-0

[Event "Team 45 45 League T58"]
[Site "Internet Chess Club"]
[Date "2013.09.11"]
[Round "4"]
[White "tryanything"]
[Black "losscause"]
[Result "0-1"]
[WhiteElo "1542"]
[BlackElo "1585"]
[Opening "King's Indian: 6.Be2"]
[ECO "E91"]
[Time "18:21:32"]
[TimeControl "2700+45"]

1. d4 Nf6 2. Nf3 g6 3. c4 d6 4. Nc3 Bg7 5. e4 O-O 6. Be2 Bg4 7. h3 Bxf3 8. Bxf3
Nc6 9. O-O Nd7 10. Be3 e5 11. d5 Ne7 12. Rc1 f5 13. Bg5 Nf6 14. b3 Qd7 15. Qd2
f4 16. Bxf6 Bxf6 17. Qe2 Bh4 18. Bg4 Qd8 19. Na4 c5 20. Nc3 Kg7 21. Be6 Ng8 22.
Bxg8 Kxg8 23. Qg4 a6 24. g3 Bg5 25. Rc2 Kg7 26. Qd1 Qd7 27. g4 f3 28. Nb1 h5 29.
Nd2 hxg4 {White resigns} 0-1

[Event "Team 45 45 League T58"]
[Site "Internet Chess Club"]
[Date "2013.09.17"]
[Round "4"]
[White "stanbeers"]
[Black "PostMike"]
[Result "1-0"]
[WhiteElo "1516"]
[BlackElo "1415"]
[Opening "Queen's Indian defense"]
[ECO "A47"]
[Time "14:30:35"]
[TimeControl "2700+45"]

1. d4 Nf6 2. Nf3 b6 3. g3 Bb7 4. Bg2 e6 5. O-O c5 6. c3 Be7 7. Bf4 O-O 8. Nbd2
cxd4 9. cxd4 d5 10. Rc1 Bd6 11. Ne5 Qe7 12. Ndf3 Nh5 13. Bd2 g6 14. Bh6 Rc8 15.
Qb3 f6 16. Ng4 Nc6 17. Bh3 Rc7 18. Qe3 Nd8 19. Qb3 Rac8 20. Bd2 Rxc1 21. Rxc1
Rxc1+ 22. Bxc1 Nc6 23. Qe3 Ng7 24. Nh4 g5 25. Nh6+ Kh8 26. Nf3 Nd8 27. Qd3 Nf7
28. Nxf7+ Qxf7 29. a3 h5 30. Bg2 Nf5 31. Bxg5 fxg5 32. Nxg5 Qg6 33. h4 Be7 34.
Nf3 Bd6 35. Ne5 Bxe5 36. dxe5 Kg7 37. Qc2 Qf7 38. e4 Nd4 39. Qd2 Nb3 40. Qg5+
Kh7 41. Qe3 Nc5 42. b4 Nxe4 43. Bxe4+ dxe4 44. Qg5 Qe8 45. Qf6 a5 46. Qf4 Qe7
47. bxa5 bxa5 48. Qe3 Qd8 49. Qe2 Kg6 50. Qe3 Qe7 51. Qb6 Bd5 52. Qxa5 Kf5 53.
Qc3 Kg4 54. Qe3 Qf7 55. Kh2 Qf5 56. a4 Qxe5 57. a5 Qf6 58. a6 Kf5 59. a7 Qd8 60.
Qf4+ Kg6 61. Qe5 Qf6 62. Qxf6+ Kxf6 63. Kg1 Kf5 64. Kf1 Kg4 65. Ke2 Kh3 66. Ke3
Kg2 67. g4 hxg4 68. h5 g3 69. fxg3 Kxg3 70. h6 e5 71. h7 {Black resigns} 1-0

[Event "Team 45 45 League T58"]
[Site "Internet Chess Club"]
[Date "2013.09.13"]
[Round "4"]
[White "MBAStudent"]
[Black "Lumumba"]
[Result "1-0"]
[WhiteElo "1642"]
[BlackElo "1567"]
[Opening "Caro-Kann: Steinitz variation"]
[ECO "B17"]
[Time "05:33:14"]
[TimeControl "2700+45"]

1. e4 c6 2. d4 d5 3. Nc3 dxe4 4. Nxe4 Nd7 5. Nf3 Ngf6 6. Ng3 e6 7. Bd3 Be7 8.
O-O O-O 9. Qe2 c5 10. dxc5 Bxc5 11. Bg5 Be7 12. Ne4 Nxe4 13. Qxe4 g6 14. Qh4
Bxg5 15. Nxg5 Nf6 16. Rad1 Bd7 17. Qh6 Qe7 18. h4 Kh8 19. h5 Rg8 20. hxg6 fxg6
21. Qh4 Qg7 22. Rfe1 Rad8 23. Nxe6 Bxe6 24. Rxe6 g5 25. Qh3 Rgf8 26. Rde1 Rde8
27. Rxe8 Nxe8 28. Re6 Nf6 29. Qe3 b6 30. f3 g4 31. Re7 Rf7 32. Rxf7 Qxf7 33.
fxg4 Nxg4 34. Qd4+ Nf6 35. b3 Kg7 36. g4 h6 37. Qe5 Qd7 38. Bf5 Qd1+ 39. Kf2
Qd2+ 40. Kf3 Qd1+ 41. Ke3 Qe1+ 42. Kd4 Qb4+ 43. Kd3 Qf8 44. Qc7+ Qf7 45. Qxf7+
Kxf7 46. Kd4 Ke7 47. Ke5 Ne8 48. a4 Ng7 49. b4 Nxf5 50. Kxf5 {Black resigns} 1-0

[Event "Team 45 45 League T58"]
[Site "Internet Chess Club"]
[Date "2013.09.13"]
[Round "4"]
[White "QuieroAprender"]
[Black "John3v16"]
[Result "1-0"]
[WhiteElo "1682"]
[BlackElo "1671"]
[Opening "Sicilian defense"]
[ECO "B20"]
[Time "20:36:51"]
[TimeControl "2700+45"]

1. e4 c5 2. Bc4 e6 3. Nc3 a6 4. a4 Nc6 5. Nf3 Nf6 6. Be2 d5 7. exd5 exd5 8. d4
Qb6 9. dxc5 Bxc5 10. O-O Be6 11. h3 h6 12. Bd3 O-O 13. Bd2 Rfe8 14. Qc1 Nd4 15.
Nxd4 Bxd4 16. a5 Qc7 17. Ne2 Be5 18. f4 Bd6 19. f5 Bd7 20. g4 Bc5+ 21. Kh1 Rxe2
22. Bxe2 Qg3 23. Rf3 Qh4 24. g5 Re8 25. Bd3 Ne4 26. Bxe4 dxe4 27. Be1 Qh5 28.
Rc3 Bd4 29. Rg3 e3 30. c3 Bc6+ 31. Kg1 Ba7 32. gxh6 e2+ 33. Kh2 Bb8 34. Qg5
Bxg3+ 35. Qxg3 Qxh6 36. h4 Re3 37. Qf2 Qd6+ 38. Kg1 Rg3+ 39. Qxg3 Qd5 40. b4
Qxf5 41. Bd2 Qd5 42. Be1 Qd1 43. Ra2 f5 44. Rd2 f4 45. Qf2 f3 46. Kh2 Qb1 47.
Rd8+ Kf7 48. Qg3 Qe4 49. Qc7+ Kf6 50. Rf8+ Ke6 51. Qf7+ Kd6 52. Bg3+ Qe5 53.
Rd8+ {Black resigns} 1-0

[Event "Team 45 45 League T58"]
[Site "Internet Chess Club"]
[Date "2013.09.15"]
[Round "4"]
[White "kabindra"]
[Black "Nxs123"]
[Result "1-0"]
[WhiteElo "1809"]
[BlackElo "1537"]
[Opening "French: advance, Paulsen attack"]
[ECO "C02"]
[Time "16:30:04"]
[TimeControl "2700+45"]

1. e4 e6 2. d4 d5 3. e5 c5 4. c3 Nc6 5. Nf3 Qb6 6. a3 Bd7 7. Be2 Nge7 8. O-O Nf5
9. Be3 cxd4 10. cxd4 Qxb2 11. Nbd2 Nxe3 12. fxe3 Qc3 13. Qb3 Qxb3 14. Nxb3 Be7
15. Nc5 Bxc5 16. dxc5 O-O 17. Rfb1 Rab8 18. a4 b6 19. cxb6 Rxb6 20. Rxb6 axb6
21. Bb5 Ra8 22. Rc1 Rc8 23. Ba6 Rf8 24. Rb1 Rb8 25. Bb5 Be8 26. Nd4 Nxd4 27.
exd4 Bxb5 28. Rxb5 g6 29. a5 Kg7 30. Rxb6 Ra8 31. a6 h5 32. Kf2 g5 33. Ke3 Kg6
34. h3 Kf5 35. g3 g4 36. h4 Ra7 37. Rb7 Rxa6 38. Rxf7+ Kg6 39. Rf6+ Kg7 40. Kf4
Ra4 41. Rxe6 Rxd4+ 42. Kg5 Rd3 43. Kxh5 Rxg3 44. Rd6 Rd3 45. Kxg4 Rd4+ 46. Kg5
Rd1 47. Rd7+ Kf8 48. h5 Rg1+ 49. Kh6 Ke8 50. Rxd5 Ke7 51. Kh7 Rg5 52. Kh6 Rg8
53. Rd6 Kf7 54. Rg6 Rh8+ 55. Kg5 Ke7 56. h6 Kf8 57. Rg7 Ke8 58. Kg6 Kf8 59. e6
Ke8 60. h7 Kf8 61. e7+ Ke8 62. Rg8+ Rxg8+ 63. hxg8=Q+ Kxe7 64. Qd5 Ke8 65. Qf7+
Kd8 66. Kf6 Kc8 67. Ke6 Kb8 68. Kd6 Ka8 69. Kc6 Kb8 70. Qb7# {Black checkmated}
1-0

[Event "Team 45 45 League T58"]
[Site "Internet Chess Club"]
[Date "2013.09.14"]
[Round "4"]
[White "chesskix"]
[Black "KidRattler"]
[Result "0-1"]
[WhiteElo "1371"]
[BlackElo "1494"]
[Opening "Sicilian"]
[ECO "B50"]
[Time "10:00:52"]
[TimeControl "2700+45"]

1. e4 c5 2. Nf3 d6 3. Bc4 g6 4. Nc3 Nf6 5. O-O Bg7 6. Ng5 O-O 7. d3 Nc6 8. f4
Bg4 9. Nf3 Nd4 10. Be3 Nxf3+ 11. Rxf3 Bxf3 12. Qxf3 Qb6 13. Bb3 e5 14. fxe5 dxe5
15. Na4 Qc6 16. Nxc5 b6 17. Na4 b5 18. Nc3 b4 19. Nd5 Qd6 20. Rf1 Nxd5 21. Bxd5
Rac8 22. Bb3 Rc7 23. Qh3 Qd7 24. Qg3 Kh8 25. h4 f5 26. exf5 Rxf5 27. Rxf5 Qxf5
28. d4 Re7 29. Bg5 Rd7 30. d5 h6 31. Be3 e4 32. Qb8+ Kh7 33. d6 Qf8 34. Qxb4
Qxd6 35. Qxe4 Qd1+ 36. Kh2 Qd6+ 37. Bf4 Qd4 38. Qxd4 Rxd4 39. g3 Re4 40. Kg2
Bxb2 41. Kf3 Re8 42. Bf7 Rf8 43. Bb3 g5 44. hxg5 hxg5 45. c4 gxf4 46. gxf4 Bc1
47. c5 Bxf4 48. Ke4 Bc7 49. c6 Rd8 50. a4 a5 51. Bc4 Bb6 52. Bb5 Kg7 53. Ke5 Kf7
54. Bc4+ Ke7 55. Bb5 Bd4+ 56. Ke4 Bc3 57. Ba6 Kd6 58. Kd3 Bb4 59. Bb5 Kc5+ 60.
Ke4 Rc8 61. Ke5 Rxc6 62. Bxc6 Kxc6 63. Ke6 Kc5 64. Kd7 Kc4 65. Kc6 Kb3 66. Kb5
Bc3 67. Kc5 Kxa4 68. Kc4 Bb2 69. Kd3 Kb3 {White resigns} 0-1

[Event "Team 45 45 League T58"]
[Site "Internet Chess Club"]
[Date "2013.09.14"]
[Round "4"]
[White "rayonline53"]
[Black "gcl"]
[Result "1/2-1/2"]
[WhiteElo "1646"]
[BlackElo "1667"]
[Opening "Sicilian: closed"]
[ECO "B23"]
[Time "09:00:51"]
[TimeControl "2700+45"]

1. e4 c5 2. Nc3 a6 3. g3 b5 4. Bg2 Bb7 5. d3 Nc6 6. Nf3 e6 7. O-O Be7 8. Be3 d5
9. exd5 exd5 10. d4 Nf6 11. dxc5 O-O 12. Nd4 Qd7 13. Nxc6 Bxc6 14. Bd4 b4 15.
Ne2 Ne4 16. Nf4 Rad8 17. Nd3 Bb5 18. Re1 Bxd3 19. Qxd3 Nxc5 20. Qf3 Ne4 21. Rad1
Qa4 22. Qb3 Qxb3 23. cxb3 Rfe8 24. Bxe4 dxe4 25. Rxe4 f5 26. Ree1 Kf7 27. Kf1
Bf6 28. Bxf6 Rxe1+ 29. Kxe1 Rxd1+ 30. Kxd1 Kxf6 31. f4 Ke6 32. Kd2 Kd5 33. Kd3
h5 34. h4 a5 35. a4 {Game drawn by mutual agreement} 1/2-1/2

[Event "Team 45 45 League T58"]
[Site "Internet Chess Club"]
[Date "2013.09.14"]
[Round "4"]
[White "Whalen"]
[Black "chrisgianno"]
[Result "0-1"]
[WhiteElo "1652"]
[BlackElo "1756"]
[Opening "QGA: 3.e4"]
[ECO "D20"]
[Time "10:26:01"]
[TimeControl "2700+45"]

1. d4 d5 2. c4 dxc4 3. e4 e5 4. Nf3 exd4 5. Bxc4 Nc6 6. O-O Be6 7. Bb5 Bc5 8.
Nbd2 Ne7 9. Nb3 Bxb3 10. Qxb3 O-O 11. Bxc6 bxc6 12. Qc4 Bb6 13. b4 Ng6 14. Qxc6
Re8 15. Re1 Nh4 16. e5 Re6 17. Qe4 Nxf3+ 18. Qxf3 c6 19. Bf4 a5 20. a3 Qe8 21.
bxa5 Bxa5 22. Red1 c5 23. Rab1 Bc7 24. Re1 Rd8 25. Rb7 Qc6 26. Qxc6 Rxc6 27. Bd2
c4 28. Rd1 c3 29. Bc1 d3 30. a4 c2 31. Rd2 Ba5 32. Rxd3 Rxd3 33. Rb8+ Rd8 34.
Rxd8+ Bxd8 35. g3 Rb6 36. Kg2 Rb1 37. Bd2 c1=Q 38. Bxc1 Rxc1 {White resigns} 0-1

[Event "Team 45 45 League T58"]
[Site "Internet Chess Club"]
[Date "2013.09.15"]
[Round "4"]
[White "oldway"]
[Black "parrot9"]
[Result "1-0"]
[WhiteElo "1507"]
[BlackElo "1561"]
[Opening "Sicilian: Alapin's variation (2.c3)"]
[ECO "B22"]
[Time "13:02:12"]
[TimeControl "2700+45"]

1. e4 c5 2. c3 d5 3. exd5 Qxd5 4. d4 e6 5. Nf3 Nf6 6. Na3 a6 7. Nc4 Nbd7 8. Be2
cxd4 9. Nxd4 Be7 10. O-O O-O 11. b3 Qc5 12. Be3 Qc7 13. Rc1 b5 14. Nd2 Nd5 15.
c4 Nxe3 16. fxe3 Qe5 17. Rf3 Bg5 18. Nc2 Bb7 19. Rh3 Bf6 20. Bf3 Bxf3 21. Nxf3
Qc7 22. Ncd4 Qa7 23. Qc2 g6 24. c5 Rac8 25. b4 Rfd8 26. Qe4 Nb6 27. Ne5 Bxe5 28.
Qxe5 Rd5 29. Qf4 h5 30. Nf3 Qd7 31. Ne5 Rd1+ 32. Rxd1 Qxd1+ 33. Qf1 Qxf1+ 34.
Kxf1 Nd5 35. Nd3 Rd8 36. a3 Nc3 37. Ne5 Rd1+ 38. Kf2 Ne4+ 39. Ke2 Rd2+ 40. Ke1
Kg7 41. Rh4 f5 42. Rxe4 Rxg2 43. Rd4 Rxh2 44. c6 Rc2 45. Rd7+ Kf6 46. Kd1 Rh2
47. c7 Rh1+ 48. Kd2 Rh2+ 49. Kd3 Rh1 50. c8=Q Rd1+ 51. Ke2 Rxd7 {Black resigns}
1-0

[Event "Team 45 45 League T58"]
[Site "Internet Chess Club"]
[Date "2013.09.15"]
[Round "4"]
[White "Invicta-Knight"]
[Black "werty"]
[Result "0-1"]
[WhiteElo "1480"]
[BlackElo "1577"]
[Opening "French: advance variation"]
[ECO "C02"]
[Time "04:03:06"]
[TimeControl "2700+45"]

1. e4 e6 2. d4 d5 3. e5 c5 4. c3 Nc6 5. f4 Qb6 6. Nf3 Bd7 7. a3 cxd4 8. cxd4
Nge7 9. Nc3 Nf5 10. Na4 Qc7 11. g4 Nfxd4 12. Nxd4 Nxd4 13. Qxd4 Qa5+ {White
resigns} 0-1

[Event "Team 45 45 League T58"]
[Site "Internet Chess Club"]
[Date "2013.09.15"]
[Round "4"]
[White "evan7284"]
[Black "drsigmund1"]
[Result "1-0"]
[WhiteElo "1721"]
[BlackElo "1604"]
[Opening "Queen's pawn"]
[ECO "A40"]
[Time "15:00:25"]
[TimeControl "2700+45"]

1. d4 e6 2. Nf3 b6 3. Bg5 Be7 4. Bxe7 Nxe7 5. e3 Bb7 6. Bd3 f5 7. Nbd2 O-O 8.
Qe2 Nd5 9. c4 Nf6 10. O-O Ne4 11. Nb3 d6 12. Nfd2 Nd7 13. f3 Nxd2 14. Nxd2 Qf6
15. b4 Rae8 16. Rac1 c5 17. bxc5 dxc5 18. Nb3 cxd4 19. Nxd4 Nc5 20. Bc2 e5 21.
Nxf5 e4 22. fxe4 Bxe4 23. Ng3 Qe5 24. Rxf8+ Rxf8 25. Nxe4 Nxe4 26. Qd3 Nf6 27.
Rf1 g6 28. Qd4 Qe7 29. Bb3 Kg7 30. Re1 Re8 31. e4 Qe5 32. Qxe5 Rxe5 33. Bc2 Kf7
34. h3 Ke6 35. Kf2 Kd6 36. Kf3 Kc5 37. Bb3 a5 38. Kf4 Re8 39. e5 Nh5+ 40. Kg5
Kd4 41. e6 Ng7 42. Kf6 Nf5 43. g4 Rf8+ 44. Kg5 h6+ 45. Kxg6 Ne3 46. Kg7 Re8 47.
Kf7 Rh8 48. e7 Rh7+ 49. Ke6 h5 {Black resigns} 1-0

[Event "Team 45 45 League T58"]
[Site "Internet Chess Club"]
[Date "2013.09.14"]
[Round "4"]
[White "monkhammer"]
[Black "g8wrb"]
[Result "1-0"]
[WhiteElo "1666"]
[BlackElo "1426"]
[Opening "French: Albin-Alekhine-Châtard attack"]
[ECO "C13"]
[Time "15:06:15"]
[TimeControl "2700+45"]

1. e4 e6 2. d4 d5 3. Nc3 Nf6 4. Bg5 Be7 5. e5 Nfd7 6. h4 Bxg5 7. hxg5 O-O 8. Qh5
Re8 9. Qxh7+ Kf8 10. g6 f5 11. Qh8+ {Black resigns} 1-0

[Event "Team 45 45 League T58"]
[Site "Internet Chess Club"]
[Date "2013.09.13"]
[Round "4"]
[White "guyd52"]
[Black "otib2006"]
[Result "1/2-1/2"]
[WhiteElo "1387"]
[BlackElo "1329"]
[Opening "Réti opening"]
[ECO "A04"]
[Time "19:13:03"]
[TimeControl "2700+45"]

1. Nf3 c5 2. g3 e6 3. Bg2 Nf6 4. d3 Be7 5. Nbd2 O-O 6. O-O Nc6 7. e4 Rb8 8. a4
b5 9. axb5 Rxb5 10. Nc4 Na5 11. Ne3 Nc6 12. Bd2 Rxb2 13. Nc4 Rb8 14. Nfe5 Qc7
15. Nxc6 dxc6 16. Bf4 Qb7 17. Bxb8 Qxb8 18. Qb1 Qxb1 19. Rfxb1 a6 20. Rb6 Nd7
21. e5 Nxb6 22. Nxb6 f6 23. Nxc8 Rxc8 24. exf6 Bxf6 25. Rxa6 Bd4 26. Bxc6 Rf8
27. Bd7 e5 28. Be6+ Kh8 29. Kg2 Rxf2+ 30. Kh3 Rf8 31. Bf5 g6 32. Be4 Rf2 33. c4
Kg7 34. Ra7+ Kh6 35. Re7 Rd2 36. g4 Bg1 37. Rxe5 Rxh2+ 38. Kg3 Bd4 39. g5+ Kg7
40. Re7+ Kf8 41. Kxh2 Kxe7 42. Kg3 Ke6 43. Kf4 Be5+ 44. Kg4 Bh2 45. Bd5+ Ke5 46.
Bg8 Kd4 47. Bxh7 Kxd3 48. Bxg6+ Kxc4 49. Kf5 Kb4 50. Bf7 Bg1 {Game drawn by
mutual agreement} 1/2-1/2

[Event "Team 45 45 League T58"]
[Site "Internet Chess Club"]
[Date "2013.09.12"]
[Round "4"]
[White "Andaluz"]
[Black "JohLeb"]
[Result "1-0"]
[WhiteElo "1170"]
[BlackElo "1363"]
[Opening "Sicilian: Labourdonnais-Löwenthal variation"]
[ECO "B32"]
[Time "13:00:37"]
[TimeControl "2700+45"]

1. e4 c5 2. Nf3 Nc6 3. d4 cxd4 4. Nxd4 e5 5. Nf3 Nf6 6. Nc3 d6 7. h3 Be7 8. Bc4
Be6 9. Qe2 O-O 10. O-O a6 11. a3 Qc7 12. Be3 b5 13. Bd3 Rad8 14. b4 d5 15. exd5
Nxd5 16. Nxd5 Bxd5 17. Bd2 Rfe8 18. Be4 Bc4 19. Bd3 Bxd3 20. cxd3 Nd4 21. Nxd4
exd4 22. Rfe1 Qd7 23. Qf3 Bf6 24. Kf1 Re6 25. Rac1 Rde8 26. Rxe6 Rxe6 27. Re1
Rxe1+ 28. Kxe1 Qe6+ 29. Qe2 Qxe2+ 30. Kxe2 h6 31. Kf3 Kf8 32. Ke4 Ke7 33. Kd5
Kd7 34. Bf4 g5 35. Be5 Be7 36. Bxd4 f5 37. g4 fxg4 38. hxg4 Bf8 39. Bf6 Bd6 40.
Be5 Bxe5 41. Kxe5 Ke7 42. d4 Kd7 43. d5 Ke7 44. d6+ Kd7 45. Kd5 Kd8 46. Ke6 Ke8
47. d7+ Kd8 48. f3 {Black resigns} 1-0

[Event "Team 45 45 League T58"]
[Site "Internet Chess Club"]
[Date "2013.09.19"]
[Round "4"]
[White "calsal"]
[Black "houseofcook"]
[Result "1/2-1/2"]
[WhiteElo "1657"]
[BlackElo "1495"]
[Opening "French: advance, Milner-Barry gambit"]
[ECO "C02"]
[Time "13:00:04"]
[TimeControl "2700+45"]

1. e4 e6 2. d4 d5 3. e5 c5 4. c3 Nc6 5. Nf3 Qb6 6. Bd3 cxd4 7. cxd4 Bd7 8. O-O
Nxd4 9. Nbd2 Nc6 10. Nb3 Nh6 11. Be3 Qd8 12. Qd2 Nf5 13. Bxf5 exf5 14. Qxd5 Be6
15. Qxd8+ Rxd8 16. Nbd4 Nxd4 17. Nxd4 a6 18. a3 Be7 19. Rac1 Rd7 20. Nxe6 fxe6
21. Rfd1 Rxd1+ 22. Rxd1 Kf7 23. Rd7 Rd8 24. Rxd8 Bxd8 25. Kf1 g5 26. g3 g4 27.
f4 h5 28. Ke2 b5 29. b4 Ke8 30. Kd3 Kd7 31. Bc5 Kc6 32. Be3 {Game drawn by
mutual agreement} 1/2-1/2

[Event "Team 45 45 League T58"]
[Site "Internet Chess Club"]
[Date "2013.09.13"]
[Round "4"]
[White "SirIvanhoe"]
[Black "Ostap-Bender"]
[Result "1-0"]
[WhiteElo "1529"]
[BlackElo "1348"]
[Opening "Sicilian: closed"]
[ECO "B23"]
[Time "19:00:54"]
[TimeControl "2700+45"]

1. e4 c5 2. Nc3 e6 3. g3 Nc6 4. Bg2 a6 5. d3 Qc7 6. Bf4 e5 7. Be3 Nf6 8. h3 Be7
9. Nge2 O-O 10. O-O b5 11. Nd5 Nxd5 12. exd5 Bb7 13. dxc6 Bxc6 14. f4 Bxg2 15.
Kxg2 Qc6+ 16. Kh2 Bd6 17. fxe5 Bxe5 18. c3 Rae8 19. Bf4 Bf6 20. d4 c4 21. d5 Qc5
22. Qd2 Re4 23. Rae1 Rfe8 24. Ng1 Qe7 25. Rxe4 Qxe4 26. Rf2 Kf8 27. Re2 Qf5 28.
Rxe8+ Kxe8 29. Qe3+ Kf8 30. Qc5+ Ke8 31. Qe3+ Kf8 32. Bd6+ {Black resigns} 1-0

[Event "Team 45 45 League T58"]
[Site "Internet Chess Club"]
[Date "2013.09.14"]
[Round "4"]
[White "stantheman59"]
[Black "Gilguli"]
[Result "0-1"]
[WhiteElo "1187"]
[BlackElo "1399"]
[Opening "Three knights game"]
[ECO "C46"]
[Time "15:03:56"]
[TimeControl "2700+45"]

1. e4 e5 2. Nc3 Nc6 3. Nf3 Bb4 4. d4 f6 5. Bc4 Nge7 6. O-O Ng6 7. Ne2 d6 8. a3
Ba5 9. b4 Bb6 10. Bb5 Bd7 11. c4 a6 12. Ba4 exd4 13. Nfxd4 Nxd4 14. Bxd7+ Qxd7
15. Nxd4 O-O-O 16. a4 c6 17. Ra3 Ne5 18. Rc3 a5 19. b5 c5 20. Nf3 Rde8 21. Bf4
Qe6 22. Bxe5 dxe5 23. Re1 Rd8 24. Qe2 Rd7 25. Rd3 Rhd8 26. Red1 Qxc4 27. Qd2
Rxd3 28. Qxd3 Rxd3 29. Rf1 Qxa4 30. h4 Rd1 31. Rxd1 Qxd1+ 32. Kh2 Qxf3 33. gxf3
c4 {White resigns} 0-1

[Event "Team 45 45 League T58"]
[Site "Internet Chess Club"]
[Date "2013.09.13"]
[Round "4"]
[White "dabodhi"]
[Black "wildangels"]
[Result "1-0"]
[WhiteElo "1355"]
[BlackElo "1076"]
[Opening "French: Winawer (Nimzovich) variation"]
[ECO "C15"]
[Time "20:00:38"]
[TimeControl "2700+45"]

1. e4 e6 2. d4 d5 3. Nc3 Bb4 4. Bd3 c5 5. exd5 exd5 6. dxc5 Nf6 7. Ne2 d4 8. a3
Bxc5 9. b4 Bb6 10. Na4 Bg4 11. O-O Nc6 12. c4 O-O 13. Re1 Re8 14. h3 Qc7 15.
hxg4 Nxg4 16. g3 Nce5 17. Nf4 Qc6 18. Be4 Qh6 19. Kf1 Qh2 20. Ra2 Rad8 21. Nd3
Nxf2 22. Rxf2 Qxg3 23. Nab2 Re6 24. Bf4 Qh3+ 25. Bg2 Qf5 26. Bxe5 Rxe5 27. Rxf5
Rxf5+ 28. Kg1 Rg5 29. c5 Bc7 30. Qf3 Bg3 31. Re7 Kf8 32. Qxf7# {Black
checkmated} 1-0

[Event "Team 45 45 League T58"]
[Site "Internet Chess Club"]
[Date "2013.09.23"]
[Round "4"]
[White "koni"]
[Black "SlimeDog2"]
[Result "1-0"]
[WhiteElo "1921"]
[BlackElo "2030"]
[Opening "Two knights defense"]
[ECO "C55"]
[Time "02:01:10"]
[TimeControl "2700+45"]

1. e4 e5 2. Nf3 Nc6 3. d4 exd4 4. Bc4 Nf6 5. O-O d6 6. Nxd4 Nxd4 7. Qxd4 Be6 8.
Nc3 Bxc4 9. Qxc4 c6 10. Bg5 h6 11. Bh4 Be7 12. Rad1 Qb8 13. Qd4 O-O 14. Bxf6
Bxf6 15. Qxd6 Re8 16. f3 Bxc3 17. bxc3 Re5 18. Qd4 Qe8 19. Rd2 Ra5 20. a4 c5 21.
Qd5 b6 22. Ra1 Rc8 23. Qd7 Kf8 24. Qxe8+ Kxe8 25. c4 a6 26. Kf2 b5 27. Ke3 Rb8
28. Rd5 bxa4 29. Rd3 Rb4 30. Rc3 Kd7 31. Kd3 g5 32. Rca3 h5 33. Kc3 Ke6 34. Rd1
f6 35. g3 Rb8 36. Rda1 Rb4 37. Rd1 f5 38. Rd5 fxe4 39. fxe4 Kf6 40. Rxc5 Rxc5
41. Kxb4 Rc6 42. Rxa4 h4 43. gxh4 gxh4 44. Ra5 Re6 45. Rh5 Rxe4 46. Rh6+ Ke5 47.
Rxa6 Re2 48. h3 Rh2 49. Ra5+ Kd6 50. Ra3 Rxc2 51. Rd3+ Ke5 52. Rd5+ Kf4 53. Rd4+
Kg5 54. c5 Rb2+ 55. Kc4 Rc2+ 56. Kd5 Rc3 57. c6 Rxh3 58. c7 Rc3 59. Rc4 Rd3+ 60.
Ke4 {Black resigns} 1-0

[Event "Team 45 45 League T58"]
[Site "Internet Chess Club"]
[Date "2013.09.14"]
[Round "4"]
[White "CKNIGHT3"]
[Black "THE-WARRIOR"]
[Result "1-0"]
[WhiteElo "1729"]
[BlackElo "1729"]
[Opening "QGD semi-Slav: Chigorin defense"]
[ECO "D46"]
[Time "14:00:22"]
[TimeControl "2700+45"]

1. d4 d5 2. c4 e6 3. Nc3 Nf6 4. e3 c6 5. Nf3 Nbd7 6. Bd3 Bd6 7. O-O O-O 8. e4
dxe4 9. Nxe4 Nxe4 10. Bxe4 Nf6 11. Bc2 Qc7 12. h3 h6 13. b3 Rd8 14. Qe2 Re8 15.
Bb2 b6 16. Rfd1 Bb7 17. a3 Rad8 18. b4 Be7 19. Ne5 Bd6 20. Rac1 Bxe5 21. dxe5
Nd7 22. Rd6 Nf8 23. Rcd1 Rxd6 24. exd6 Qd7 25. c5 Rb8 26. Bd4 b5 27. f4 f6 28.
Re1 Kh8 29. a4 a6 30. a5 Re8 31. Qh5 f5 32. Bxf5 Bc8 33. Re3 {Black resigns} 1-0